 Dungeon Sprint DCSS version 0.27.1-33-g824d729ab1 (webtiles) character file.

Game seed: 12131413189684131240

606 manyhoops the Zephyrmancer (level 6, -3/45 HPs)
             Began as a Demigod Air Elementalist on Nov 25, 2021.
             Slain by Sonja (5 damage)
             ... in the Dungeon (Sprint I: "Red Sonja").
             The game lasted 00:03:19 (643 turns).

manyhoops the Zephyrmancer (DgAE)                    Turns: 643, Time: 00:03:20

Health: -3/45      AC:  2    Str:  9    XL:     6   Next: 98%
Magic:  9/15       EV: 12    Int: 25    God:
Gold:   427        SH:  0    Dex: 14    Spells: 3/13 levels left

rFire    . . .     SeeInvis .   (no weapon)
rCold    . . .     Faith    .   (no shield)
rNeg     . . .     Spirit   .   a - +0 robe
rPois    .         Reflect  .   (no helmet)
rElec    .         Harm     .   (no cloak)
rCorr    .         Rampage  .   (no gloves)
Will     .....     NoTele   +   (no boots)
Stlth    ++........             (no amulet)
HPRegen  0.15/turn              (no ring)
MPRegen  0.14/turn              (no ring)

@: lethally poisoned (-3 -> -52)
A: high mp 1, forlorn
a: no special abilities


You were in the Dungeon.
You visited 1 branch You collected 427 gold pieces.

Inventory:

Armour
 a - a +0 robe (worn)
Potions
 c - a potion of heal wounds
 e - 2 potions of magic


   Skills:
 - Level 2.5 Dodging
 - Level 2.4 Stealth
 - Level 0.4 Unarmed Combat
 - Level 4.1 Spellcasting
 - Level 1.4 Conjurations
 - Level 13.2 Air Magic


You had 3 spell levels left.
You knew the following spells:

 Your Spells              Type           Power      Damage    Failure   Level
a - Shock                 Conj/Air       100%       1d9       1%          1
b - Static Discharge      Conj/Air       41%        N/A       1%          2
c - Swiftness             Air            63%        N/A       1%          3
d - Airstrike             Air            31%        N/A       1%          4

Your spell library contained the following spells:

 Spells                   Type           Power      Damage    Failure   Level


Dungeon Overview and Level Annotations

Branches:
Dungeon (1/1)

Shops:
D *

Annotations:
D Sonja


Innate Abilities, Weirdness & Mutations

Your attributes grow dramatically as you level up.
You have an increased reservoir of magic. (+10% MP)
You shall have no god before yourself.


Message History

Which direction?
You close the door.
There is a radiant altar of Vehumet here.
You open the door.
Sonja, the Graceful Assassin comes into view.
She is wielding a +1 short sword of venom and quivering curare-tipped darts.
Found 54 gold pieces.
Casting: Shock (safe; 1% risk of failure)
Confirm with . or Enter, or press ? or * to list all spells.
You don't know that spell.
Casting: Shock (safe; 1% risk of failure)
Confirm with . or Enter, or press ? or * to list all spells.
Aiming: Airstrike (safe; 1% risk of failure)
Press: ? - help, Dir - move target, f - Sonja
Aim: Sonja, wielding a +1 short sword of venom and quivering curare-tipped darts (asleep)
The air twists around and strikes Sonja!
Sonja shouts!
Sonja is heavily wounded.
Sonja gestures wildly while chanting.
Sonja blinks!
Sonja hits you with a +1 short sword of venom!
You are poisoned.
Sonja hits you with a +1 short sword of venom!
You are more poisoned.
Sonja hits you with a +1 short sword of venom!
You are more poisoned.
Casting: Airstrike (safe; 1% risk of failure)
Confirm with . or Enter, or press ? or * to list all spells.
Okay, then.
Casting: Airstrike (safe; 1% risk of failure)
Confirm with . or Enter, or press ? or * to list all spells.
Sonja is struck by an arc of lightning!
Sonja is almost dead.
You are struck by an arc of lightning.
The lightning grounds out.
* * * LOW HITPOINT WARNING * * *
You feel extremely sick.
Sonja hits you with a +1 short sword of venom!
* * * LOW HITPOINT WARNING * * *
You are more poisoned.
Sonja hits you with a +1 short sword of venom.
You die...

######################
#<.#..'..#..'..#__#..+
#..)..#..').#..'..'..#
#..#####'#####'#__####
#.)####..#...#.####
#..#__####..##(#≈≈§§c#
#..#_____##'#_.+§≈≈..+
#⌠⌠#_.∩...÷..._#§§§§c#
####_..__##@.#'# +####
#_____###K#.# #######
.### .$ .$# .## +#


You could see Sonja.

Vanquished Creatures
  A slime creature (D)
  Sigmund (D)
  A yak (D)
  An ogre (D)
  A jelly (D)
  Ijyb (D)
6 creatures vanquished.

Notes
Turn   | Place    | Note
-------+----------+-------------------------------------------
     0 | D        | manyhoops the Demigod Air Elementalist began the quest for
                  | the Orb.
     0 | D        | Reached XP level 1. HP: 14/14 MP: 5/5
     4 | D        | Noticed Ijyb
    11 | D        | Killed Ijyb
    12 | D        | Reached skill level 1 in Conjurations
    12 | D        | Reached skill level 4 in Air Magic
    12 | D        | Reached XP level 2. HP: 20/20 MP: 6/8
    54 | D        | Learned a level 2 spell: Static Discharge
    55 | D        | Noticed an ogre
    62 | D        | Killed an ogre
    63 | D        | Reached skill level 7 in Air Magic
    63 | D        | Reached XP level 3. HP: 26/26 MP: 4/11
    63 | D        | Reached XP level 4. HP: 33/33 MP: 4/13
   131 | D        | Learned a level 3 spell: Swiftness
   136 | D        | Learned a level 4 spell: Airstrike
   141 | D        | Noticed Sigmund
   146 | D        | Killed Sigmund
   147 | D        | Reached skill level 10 in Air Magic
   147 | D        | Reached XP level 5. HP: 37/38 MP: 3/14
   295 | D        | Found Kagoxel's General Store.
   295 | D        | Noticed a yak
   299 | D        | Killed a yak
   300 | D        | Reached skill level 12 in Air Magic
   300 | D        | Reached XP level 6. HP: 38/45 MP: 1/15
   406 | D        | Noticed a slime creature
   411 | D        | Killed a slime creature
   412 | D        | Reached skill level 13 in Air Magic
   635 | D        | Noticed a centaur warrior
   636 | D        | Noticed a centaur warrior
   641 | D        | Noticed Sonja
   643 | D        | HP: 2/45 [Sonja (8)]
   643 | D        | Slain by Sonja

Illustrated notes

Levels and vault maps discovered:
D:        dungeon_sprint_1 [red_sonja_temple_1, red_sonja_temple_small_1]

Skill      XL: |  1  2  3  4  5  6 |
---------------+-------------------+-----
Dodging        | 2 |  2.5
Stealth        | 2 |  2.4
Spellcasting   | 2 4 |  4.1
Conjurations   | 1 |  1.4
Air Magic      | 4 7 10 12 13 | 13.2
Unarmed Combat | |  0.4

Action                   |  1- 3 |  4- 6 || total
-------------------------+-------+-------++-------
Melee: Unarmed           |     5 |       ||     5
 Cast: Shock             |     4 |     9 ||    13
       Airstrike         |       |     8 ||     8
       Static Discharge  |       |     1 ||     1
  Use: Potion            |     2 |     1 ||     3
       Scroll            |     1 |       ||     1
Armor: Robe              |     2 |       ||     2
Dodge: Dodged            |       |     3 ||     3
